 Dungeon Crawl Stone Soup version 0.31-a0-1317-gdfb52cbc09 (webtiles) character file.

Game seed: 1862556714183621814

495 Dirian the Slasher (level 6, 0/84 HPs)
             Began as a Minotaur Fighter on Dec 20, 2023.
             Was an Initiate of Okawaru.
             Succumbed to Edmund's poison
             ... on level 5 of the Dungeon.
             The game lasted 00:06:03 (3366 turns).

Dirian the Slasher (Minotaur Fighter)               Turns: 3366, Time: 00:06:04

Health: 0/84       AC: 10    Str: 20    XL:     6   Next: 92%
Magic:  5/5        EV:  9    Int:  5    God:    Okawaru [......]
Gold:   162        SH:  5    Dex: 12    Spells: 5/5 levels left

rFire   . . .        a - +1 long sword
rCold   . . .        c - +0 buckler
rNeg    . . .        b - +0 scale mail
rPois   .            (helmet restricted)
rElec   .            i - +0 cloak
rCorr   .            e - +1 pair of gloves
SInv    .            (no boots)
Will    .....        (no amulet) Stlth
                     (no ring)
HPRegen 0.34/turn    (no ring)
MPRegen 0.09/turn

%: no passive effects
@: berserking, lethally poisoned (0 -> -11), very quick
A: horns 2, retaliatory headbutt
a: Renounce Religion


You were on level 5 of the Dungeon.
You worshipped Okawaru.
Okawaru was noncommittal.
You visited 2 branches of the dungeon, and saw 6 of its levels.

You collected 162 gold pieces.

Inventory:

Hand Weapons
 a - a +1 long sword (weapon)
Armour
 b - a +0 scale mail (worn)
 c - a +0 buckler (worn)
 e - a +1 pair of gloves (worn)
 i - a +0 cloak (worn)
 o - a +0 chain mail
Scrolls
 d - a scroll of acquirement
 g - 3 scrolls of poison
 j - a scroll of fog
Potions
 f - a potion of enlightenment
 l - a potion of attraction
 m - 2 potions of magic
 n - a potion of resistance {unknown}


   Skills:
 + Level 5.4 Fighting
 + Level 6.2 Long Blades
 + Level 5.4 Armour
 - Level 1.1 Dodging
 + Level 4.5 Shields


You had 5 spell levels left.
You didn't know any spells.
Your spell library was empty.

Dungeon Overview and Level Annotations

Branches:
Dungeon (5/15) Zot: 26609  Temple (1/1) D:4 Zot: 5977

Altars:
Ashenzari
Cheibriados
Elyvilon
Fedhas
Gozag
Hepliaklqana
Kikubaaqudgha
Makhleb
Nemelex Xobeh
Okawaru
Qazlal
Sif Muna
Uskayaw
Vehumet
Xom
Yredelemnul
Zin
The Shining One


Innate Abilities, Weirdness & Mutations

You have a pair of horns on your head.
You reflexively headbutt those who attack you in melee.


Message History

You hit Edmund but do no damage. You headbutt Edmund!
Edmund is severely wounded.
You feel extremely sick.
Edmund hits you with a +2 dire flail of venom.
You are lethally poisoned!
Edmund hits you with a +2 dire flail of venom.
You closely miss Edmund. You headbutt Edmund.
Edmund is severely wounded.
* * * LOW HITPOINT WARNING * * *
You feel extremely sick. You block Edmund's attack.
You hit Edmund. You headbutt Edmund.
Edmund is almost dead.
* * * LOW HITPOINT WARNING * * *
You feel very sick. Edmund barely misses you.
It was a potion of berserk rage.
A red film seems to cover your vision as you go berserk!
You feel yourself moving faster!
You feel mighty!
* * * LOW HITPOINT WARNING * * *
You feel very sick.
Edmund hits you with a +2 dire flail of venom.
* * * LOW HITPOINT WARNING * * *
You are more poisoned.
You are too berserk!
You slash Edmund!
You kill Edmund!
Okawaru accepts your kill.
* * * LOW HITPOINT WARNING * * *
You feel very sick.
Your Long Blades skill increases to level 6!
You are too berserk!
You hit the orc. Your headbutt misses the orc.
The orc is almost dead.
* * * LOW HITPOINT WARNING * * *
You feel very sick.
You slash the orc!
You kill the orc!
Okawaru accepts your kill.
You die...

##########
#........#
#........#
#........#
#o.......#
#)###....#####...#
#.@<#........#...#
##..#........#...#
#...#........#...#
##..#....o...#...#
########....#...##
#....#...#.
#....'...#.
#....#####.
#.........†


You could see an orc.

Vanquished Creatures
  Edmund (D:5)
  The ghost of bumbalina the Shooter, an amateur DsHu (D:4)
  A scorpion (D:3)
  An orc priest (D:4)
  A hound (D:4)
  An orc wizard (D:4)
  4 gnolls (D:2)
  4 adders
  2 worms
  A dart slug (D:2)
  3 orcs
  8 endoplasms
  2 giant cockroaches
  10 goblins
  6 hobgoblins
  6 jackals (D:1)
  3 quokkas
  8 ball pythons
  6 bats
  2 frilled lizards
  6 kobolds
  5 rats
82 creatures vanquished.

Notes
Turn   | Place    | Note
-------+----------+-------------------------------------------
     0 | D:1      | Dirian the Minotaur Fighter began the quest for the Orb.
     0 | D:1      | Reached XP level 1. HP: 19/19 MP: 0/0
   203 | D:1      | Reached XP level 2. HP: 26/27 MP: 1/1
   898 | D:2      | Found a faded altar of an unknown god.
   986 | D:2      | Reached XP level 3. HP: 28/34 MP: 2/2
  1090 | D:2      | Reached skill level 3 in Long Blades
  1097 | D:2      | Reached XP level 4. HP: 29/41 MP: 3/3
  1902 | D:3      | Found a shimmering blue altar of Sif Muna.
  2004 | D:3      | Noticed a scorpion
  2013 | D:3      | Killed a scorpion
  2014 | D:3      | Reached skill level 4 in Long Blades
  2014 | D:3      | Reached skill level 1 in Dodging
  2014 | D:3      | Reached XP level 5. HP: 42/47 MP: 4/4
  2286 | D:3      | Identified a scroll of acquirement
  2455 | D:4      | Found a staircase to the Ecumenical Temple.
  2469 | Temple   | Entered the Ecumenical Temple
  2480 | Temple   | Became a worshipper of Warmaster Okawaru
  2539 | D:4      | Reached skill level 5 in Fighting
  2539 | D:4      | Reached skill level 5 in Long Blades
  2617 | D:4      | Found a glowing silver altar of Zin.
  2808 | D:4      | Reached XP level 6. HP: 26/56 MP: 5/5
  2917 | D:4      | Found a large runed translucent door.
  3065 | D:4      | Found a large runed translucent door.
  3066 | D:4      | Noticed bumbalina's ghost (amateur DsHu)
  3243 | D:4      | Killed bumbalina's ghost
  3244 | D:4      | Reached skill level 5 in Armour
  3270 | D:5      | Entered Level 5 of the Dungeon
  3331 | D:5      | Noticed Edmund
  3364 | D:5      | Killed Edmund
  3364 | D:5      | HP: 4/84 [poisoned by Edmund]
  3365 | D:5      | Reached skill level 6 in Long Blades
  3365 | D:5      | HP: 1/84 [poisoned by Edmund]
  3366 | D:5      | Succumbed to Edmund's poison

Illustrated notes

Levels and vault maps discovered:
D:1:      dpeg_arrival_snail, layout_basic, dreamdust_mushroom_princess,
          dreamdust_princess_bridge
D:2:      layout_basic, ebering_ecumenical_altar_box, minmay_cut_off
D:3:      layout_rooms, lemuel_blue_sif_altar, st_stairs_12, nrook_campfire,
          grunt_decor_one_mirror
D:4:      layout_gridville, zin_treasury, temple_statues,
          ebering_ghost_disaster_area, grunt_decor_cap, minmay_misc_feat_doors,
          corexii_item_surrounded_by_moat
D:5:      layout_gridville, mainiacjoe_overflow_alcove_4,
          mainiacjoe_overflow_small_starburst, nicolae_kite_square_tiling_tiny,
          uniq_edmund
Temple:   eino_temple_rhombus

Skill      XL: |  1  2  3  4  5  6 |
---------------+-------------------+-----
Fighting       | 4 5 |  5.4
Long Blades    | 3 4 5 6 |  6.2
Armour         | 4 5 |  5.4
Dodging        | 1 |  1.1
Shields        | 4 |  4.5

Action                     |  1- 3 |  4- 6 || total
---------------------------+-------+-------++-------
  Melee: Long sword        |    73 |   140 ||   213
         Headbutt          |    10 |    19 ||    29
    Use: Potion            |     1 |     4 ||     5
         Scroll            |       |     9 ||     9
 Armour: Scale mail        |    54 |   101 ||   155
  Dodge: Dodged            |    19 |    44 ||    63
  Block: Buckler           |    14 |    38 ||    52

Table legend: (Time is in decaauts)
 A = Elapsed time spent in this place.
 B = Non-inter-level travel time spent in this place.
 C = Inter-level travel time spent in this place.
 D = Time resting spent in this place.
 E = Time spent auto-exploring this place.
 F = Levels seen in this place.
 G = Mean time per level.
                   A        B        C        D        E       F      G
               +--------+--------+--------+--------+--------+-----+--------+
         Total |   3413 |   3335 |     78 |     44 |   2627 |   6 |  568.8 |
       Dungeon |   3390 |   3332 |     58 |     44 |   2627 |   5 |  678.0 |
        Temple |     22 |      2 |     20 |      0 |      0 |   1 |   22.0 |
               +--------+--------+--------+--------+--------+-----+--------+

Top non-repeatable levels by time:
     D:4: 946 daAuts
     D:2: 937 daAuts
     D:1: 910 daAuts
     D:3: 498 daAuts
     D:5: 97 daAuts
  Temple: 22 daAuts
